 Dungeon Crawl Stone Soup version 0.27.1-3-gb3d3a73c9e (webtiles) character file.

Game seed: 2001678736885360259

956 belegose the Ducker (level 8, -4/63 HPs)
             Began as a Merfolk Abyssal Knight on Oct 22, 2021.
             Was a Believer of Lugonu.
             Slain by a water moccasin (8 damage)
             ... on level 5 of the Dungeon.
             The game lasted 00:11:56 (4153 turns).

belegose the Ducker (Merfolk Abyssal Knight)        Turns: 4153, Time: 00:11:57

Health: -4/63      AC:  4    Str: 12    XL:     8   Next: 14%
Magic:  11/11      EV: 17    Int: 14    God:    Lugonu [**....]
Gold:   237        SH:  0    Dex: 13    Spells: 7/7 levels left

rFire    + . .     SeeInvis .   b - +2 arbalest (freeze)
rCold    . . .     Faith    .   (shield currently unavailable)
rNeg     . . .     Spirit   .   f - +0 leather armour
rPois    .         Reflect  .   (no helmet)
rElec    .         Harm     .   (no cloak)
rCorr    .         Rampage  .   t - +0 pair of gloves
Will     .....                  (no boots)
Stlth    ++........             (no amulet)
HPRegen  0.20/turn              e - ring of protection from fire
MPRegen  0.12/turn              k - +4 ring of evasion

@: lethally poisoned (-4 -> -17)
A: (nimble swimmer 2), mertail
a: Renounce Religion, Depart the Abyss, Bend Space


You were on level 5 of the Dungeon.
You worshipped Lugonu.
Lugonu was pleased with you.
You visited 1 branch of the dungeon, and saw 6 of its levels.
You visited the Abyss 1 time.

You collected 237 gold pieces.

Inventory:

Hand Weapons
 a - a +1 falchion
 b - a +2 arbalest of freezing (weapon)
Missiles
 c - a throwing net
 g - 32 bolts (quivered ammo)
 l - 13 stones
 y - 8 javelins
Armour
 f - a +0 leather armour (worn)
 t - a +0 pair of gloves (worn)
 u - a +0 scale mail
Magical Staves
 p - a staff of death
Jewellery
 e - a ring of protection from fire (left hand)
 k - a +4 ring of evasion (right hand)
Wands
 r - a wand of flame (7)
Scrolls
 i - 7 scrolls of identify {unknown}
 j - 4 scrolls of amnesia {unknown}
 m - a scroll of enchant weapon {unknown}
 v - a scroll of teleportation {unknown}
 x - a scroll of vulnerability {unknown}
Potions
 d - a potion of curing {unknown}
 h - a potion of mutation {unknown}
 n - a potion of attraction {unknown}
 o - a potion of lignification {unknown}
 q - 2 potions of heal wounds {unknown}
 s - a potion of brilliance {unknown}
 w - a potion of degeneration {unknown}
 z - 2 potions of cancellation {unknown}


   Skills:
 + Level 5.5 Fighting
 + Level 4.9 Long Blades
 - Level 0.6 Armour
 + Level 5.9 Dodging
 + Level 4.5 Stealth
 + Level 4.7 Invocations


You had 7 spell levels left.
You didn't know any spells.
Your spell library contained the following spells:

 Spells                   Type           Power      Damage    Failure   Level
 Blink                    Tloc           N/A        N/A       50%         2
 Sublimation of Blood     Necr           0%         N/A       50%         2
 Hailstorm                Conj/Ice       0%         3d3       98%         4
 Ice Form                 Ice/Tmut       0%         N/A       98%         4
 Petrify                  Tmut/Erth      0%         N/A       98%         4
 Irradiate                Conj/Tmut      0%         3d13      100%        5
 Manifold Assault         Tloc           0%         N/A       100%        5
 Simulacrum               Ice/Necr       0%         N/A       100%        6
 Storm Form               Tmut/Air       0%         N/A       100%        7


Dungeon Overview and Level Annotations

Branches:
Dungeon (6/15)             Temple (0/1) D:4

Altars:
Kikubaaqudgha
Nemelex Xobeh
The Shining One

Shops:
D:4 *


Innate Abilities, Weirdness & Mutations

((You are quick and stealthy near water. (Stealth+, EV+, Speed+++)))
Your lower body shifts to a powerful aquatic tail in water.


Message History

Fire: 36 bolts
Press: ? - help, Q - select action, (/) - cycle Shift-Dir - straight line, f/p - water moccasin
Aim: a water moccasin (heavily wounded, 44% to hit)
You shoot a bolt.
The bolt closely misses the water moccasin.
You feel extremely sick.
The water moccasin completely misses you.
The water moccasin bites you.
You are more poisoned.
The water moccasin poisons you!
Fire: 35 bolts
Press: ? - help, Q - select action, (/) - cycle Shift-Dir - straight line, f/p - water moccasin
Aim: a water moccasin (heavily wounded, 44% to hit)
You shoot a bolt.
The bolt barely misses the water moccasin.
You feel extremely sick.
The water moccasin bites you but does no damage.
The water moccasin bites you. x2
You are lethally poisoned!
The water moccasin poisons you!
Fire: 34 bolts
Press: ? - help, Q - select action, (/) - cycle Shift-Dir - straight line, f/p - water moccasin
Aim: a water moccasin (heavily wounded, 44% to hit)
You shoot a bolt. The bolt hits the water moccasin!
The bolt freezes the water moccasin.
The water moccasin is almost dead.
* * * LOW HITPOINT WARNING * * *
You feel extremely sick.
The water moccasin completely misses you.
The water moccasin bites you but does no damage.
The water moccasin barely misses you.
Fire: 33 bolts
Press: ? - help, Q - select action, (/) - cycle Shift-Dir - straight line, f/p - water moccasin
Aim: a water moccasin (almost dead, 44% to hit)
You shoot a bolt.
The bolt completely misses the water moccasin.
* * * LOW HITPOINT WARNING * * *
You feel extremely sick. The water moccasin bites you!
You die...

### #.. ..# #.#
#.# ######
#@###....#
###S##...###
#.........#
#.#.##....#
#.#.###.#.# ### .
..###.#(####.#
................#
###.#.#####.######
....# #.######.


You could see a water moccasin.

Vanquished Creatures
  Grinder (D:4)
  Sigmund (D:3)
  A water moccasin (D:3)
  An ice beast (D:4)
  A necrophage (D:6)
  2 scorpions
  A bullfrog zombie (D:3)
  An orc priest (D:4)
  A hound zombie (D:3)
  3 gnolls (D:3)
  7 adders
  A dart slug (D:3)
  7 orcs
  6 bats
  5 endoplasms
  3 giant cockroaches
  A goblin (D:1)
  4 hobgoblins
  3 quokkas
  6 ball pythons
  3 frilled lizards
  6 kobolds
  7 rats
72 creatures vanquished.

Notes
Turn   | Place    | Note
-------+----------+-------------------------------------------
     0 | Abyss:1  | belegose the Merfolk Abyssal Knight began the quest for the
                  | Orb.
     0 | Abyss:1  | Reached XP level 1. HP: 18/18 MP: 2/2
    21 | Abyss:1  | Found a corrupted altar of Lugonu.
    38 | Abyss:1  | Noticed a starcursed mass
   162 | Abyss:4  | Noticed a raiju
   162 | Abyss:4  | Noticed a raiju
   162 | Abyss:4  | Noticed a raiju
   162 | D:1      | Escaped the Abyss
   249 | D:1      | Found a faded altar of an unknown god.
   337 | D:1      | Reached XP level 2. HP: 14/24 MP: 3/3
   802 | D:1      | Reached * piety under Lugonu
   987 | D:1      | Reached skill level 1 in Stealth
  1165 | D:2      | Reached XP level 3. HP: 29/29 MP: 4/4
  1534 | D:2      | Reached XP level 4. HP: 37/37 MP: 5/5
  1879 | D:3      | Noticed a water moccasin
  1892 | D:3      | Killed a water moccasin
  1893 | D:3      | Reached XP level 5. HP: 25/42 MP: 5/7
  2464 | D:3      | Reached XP level 6. HP: 34/48 MP: 8/8
  2754 | D:3      | Reached ** piety under Lugonu
  2937 | D:3      | Found a sparkling altar of Nemelex Xobeh.
  2937 | D:3      | Found a glowing golden altar of the Shining One.
  2938 | D:3      | Found an ancient bone altar of Kikubaaqudgha.
  2938 | D:3      | Noticed Sigmund
  2948 | D:3      | Killed Sigmund
  3144 | D:4      | Noticed an ice beast
  3148 | D:4      | Reached skill level 5 in Dodging
  3148 | D:4      | Reached XP level 7. HP: 55/55 MP: 9/9
  3182 | D:4      | Reached skill level 5 in Fighting
  3673 | D:4      | Found a staircase to the Ecumenical Temple.
  3710 | D:4      | Noticed Grinder
  3720 | D:4      | Found Vicuciod's Assorted Antiques.
  3810 | D:4      | Paralysed by Grinder for 4 turns
  3817 | D:4      | Killed Grinder
  4072 | D:4      | You fall into a shaft and drop 2 floors!
  4077 | D:6      | Reached XP level 8. HP: 63/63 MP: 11/11
  4097 | D:5      | Entered Level 5 of the Dungeon
  4153 | D:5      | Slain by a water moccasin

Illustrated notes

Levels and vault maps discovered:
D:1:      matt_arrival_diagonals, layout_basic,
          shapermc_ecumenical_altar_mp_ritualfount, st_stairs_14,
          minmay_crystal_room, minmay_liquid_box
D:2:      layout_basic
D:3:      layout_rooms, gammafunk_temple_overflow_claw, minivault_4,
          uniq_sigmund
D:4:      layout_loops_ring, nicolae_overflow_hidden_temple,
          minmay_temple_entry_junction, serial_shops, nicolae_square_shop,
          chequers_jeans, uniq_grinder
D:5:      layout_loops_ring, mainiacjoe_overflow_alcove_2, serial_shops,
          shop_fountains, grunt_ministairs_8, minmay_manual_mullet
D:6:      layout_rooms, grunt_decor_cap, corexii_hall_statues_deadend

Skill      XL: |  1  2  3  4  5  6  7 |
---------------+----------------------+-----
Dodging        | 3 4 5 |  5.9
Stealth        | 1 2 3 4 |  4.5
Fighting       | 4 5 |  5.5
Long Blades    | 3 4 |  4.9
Invocations    | 3 4 |  4.7
Armour         | |  0.6

Action                   |  1- 3 |  4- 6 |  7- 9 || total
-------------------------+-------+-------+-------++-------
Melee: Falchion          |    47 |   101 |    29 ||   177
       Tailslap          |       |     1 |       ||     1
 Fire: Arbalest          |     5 |    20 |    29 ||    54
Throw: Throwing net      |       |     1 |       ||     1
Invok: Depart the Abyss  |     1 |       |       ||     1
Evoke: Wand              |       |       |     4 ||     4
 Stab: Sleeping          |     2 |     2 |       ||     4
Armor: Leather armour    |     6 |     9 |    15 ||    30
Dodge: Dodged            |    52 |   101 |    33 ||   186
       Rpst.: Falchion   |    20 |    20 |     5 ||    45
